 Dungeon Crawl Stone Soup version 0.27-a0-828-g8289197e94 (console) character file.

Game seed: 17041407787560072207

374 jejorda2 the Spear-Bearer (level 6, -3/50 HPs)
             Began as a Merfolk Berserker on Mar 30, 2021.
             Was a Believer of Trog.
             Splashed by a jelly's acid (9 damage)
             ... on level 7 of the Dungeon.
             The game lasted 00:05:12 (2884 turns).

jejorda2 the Spear-Bearer (Merfolk Berserker)       Turns: 2884, Time: 00:05:14

Health: -3/50      AC: -8    Str: 19    XL:     6   Next: 72%
Magic:  6/6        EV:  8    Int:  7    God:    Trog [**....]
Gold:   118        SH:  0    Dex: 13    Spells: 5/5 levels left

rFire    . . .     SeeInvis +   a - +0 spear
rCold    . . .     Faith    .   (no shield)
rNeg     . . .     Spirit   .   h - +0 chain mail
rPois    .         Reflect  .   (no helmet)
rElec    .         Harm     .   j - +0 cloak
rCorr    .         Rampage  .   i - +0 pair of gloves
Will     .....                  (no boots)
Stlth    ..........             (no amulet)
HPRegen  0.16/turn              g - ring of see invisible
MPRegen  0.10/turn              (no ring)

@: corroded
A: (nimble swimmer 2), mertail
a: Renounce Religion, Berserk, Trog's Hand


You were on level 7 of the Dungeon.
You worshipped Trog.
Trog was pleased with you.
You visited 1 branch of the dungeon, and saw 5 of its levels.

You collected 173 gold pieces.
You spent 55 gold pieces at shops.

Inventory:

Hand Weapons
 a - a +0 spear (weapon)
Armour
 h - a +0 chain mail (worn)
 i - a +0 pair of gloves (worn)
 j - a +0 cloak (worn)
Jewellery
 g - a ring of see invisible (left hand)
Potions
 b - a potion of attraction
 c - 3 potions of heal wounds
 e - 3 potions of flight
 l - 2 potions of mutation
 m - a potion of brilliance {unknown}
 n - a potion of curing


   Skills:
 + Level 4.8 Fighting
 * Level 8.1 Polearms
 + Level 2.8 Armour
 - Level 2.6 Dodging


You had 5 spell levels left.
You didn't know any spells.
Your spell library was empty.

Dungeon Overview and Level Annotations

Branches:
Dungeon (4/15)             Temple (0/1) D:7

Altars:
Makhleb
Nemelex Xobeh
The Shining One

Shops:
D:4 *(


Innate Abilities, Weirdness & Mutations

((You are quick and stealthy near water. (Stealth+, EV+, Speed+++)))
Your lower body shifts to a powerful aquatic tail in water.


Message History

The orc moves out of view.
You hit the jelly. The acid corrodes you!
Your hands burn!
The jelly is lightly wounded.
The jelly barely misses you.
You hit the jelly.
Your hands burn!
The jelly is moderately wounded.
The jelly hits you.
You are splashed with acid.
You hit the jelly.
Your hands burn!
The jelly is moderately wounded.
The jelly closely misses you.
You hit the jelly.
Your hands burn!
The jelly is heavily wounded.
You hit the jelly but do no damage. The acid corrodes you!
Your hands burn!
The jelly is heavily wounded.
The jelly barely misses you.
You see here a scorpion corpse.
You hit the jelly but do no damage.
Your hands burn!
The jelly is heavily wounded.
You hit the jelly but do no damage.
Your hands burn!
The jelly is heavily wounded.
The jelly hits you. The acid corrodes you!
You are splashed with acid!
You hit the jelly. The acid corrodes you!
Your hands burn!
The jelly is heavily wounded.
The jelly closely misses you.
You barely miss the jelly.
The jelly is heavily wounded.
The jelly barely misses you.
You hit the jelly but do no damage.
Your hands burn!
The jelly is heavily wounded.
You hit the jelly but do no damage.
Your hands burn!
* * * LOW HITPOINT WARNING * * *
The jelly is heavily wounded.
The jelly closely misses you.
You hit the jelly but do no damage.
Your hands burn!
* * * LOW HITPOINT WARNING * * *
The jelly is heavily wounded.
The jelly hits you.
* * * LOW HITPOINT WARNING * * *
The acid corrodes you!
You are splashed with acid!
You die...

...# ####.##.....
... #.........
####.##>##..#.#.#
................#
....#...#o.....#
#.# #...#.....!#
..... #.o.##.....#
#.#.# ##J###.#...#
#.#.# #@# #.#.#.#
..## #.#.# #.#
#...#..#
.....#[#.# #(#
#...# .#
..#...#.######.##
....#..........#
#.#.#.#.##########
....)...##
.#.#.#...###
......#...#


You could see a jelly and an orc.

Vanquished Creatures
  A sky beast (D:7)
  An ice beast (D:7)
  A scorpion (D:7)
  A crimson imp (D:4)
  3 adders
  A shadow imp (D:7)
  2 bats (D:1)
  3 endoplasms
  4 giant cockroaches
  6 goblins
  4 hobgoblins (D:1)
  7 jackals (D:1)
  2 kobolds (D:1)
  4 quokkas
  8 ball pythons
  3 frilled lizards
  A goblin zombie (D:4)
  2 hobgoblin zombies (D:4)
  2 kobold skeletons (D:4)
  An orc skeleton (D:4)
  3 rats
60 creatures vanquished.

Notes
Turn   | Place    | Note
-------+----------+-------------------------------------------
     0 | D:1      | jejorda2 the Merfolk Berserker began the quest for the Orb.
     0 | D:1      | Reached XP level 1. HP: 18/18 MP: 1/1
   170 | D:1      | Reached XP level 2. HP: 24/24 MP: 2/2
   188 | D:1      | Reached skill level 5 in Polearms
   409 | D:1      | Reached XP level 3. HP: 29/29 MP: 3/3
   642 | D:1      | Reached ** piety under Trog
  1340 | D:2      | Found a sparkling altar of Nemelex Xobeh.
  1571 | D:2      | Reached XP level 4. HP: 37/37 MP: 4/4
  1601 | D:2      | Reached skill level 6 in Polearms
  2151 | D:3      | Found a burning altar of Makhleb.
  2239 | D:3      | Found a faded altar of an unknown god.
  2478 | D:4      | Found Xiaca's General Store.
  2496 | D:4      | Found Gigahor's Antique Weapon Emporium.
  2497 | D:4      | Bought a scroll of identify for 22 gold pieces
  2497 | D:4      | Bought a potion of flight for 33 gold pieces
  2658 | D:4      | Found a glowing golden altar of the Shining One.
  2698 | D:4      | Reached XP level 5. HP: 40/42 MP: 5/5
  2707 | D:4      | You fall into a shaft and drop 3 floors!
  2707 | D:7      | Found a staircase to the Ecumenical Temple.
  2714 | D:7      | Noticed an ice beast
  2737 | D:7      | Killed an ice beast
  2738 | D:7      | Reached skill level 7 in Polearms
  2789 | D:7      | Noticed a sky beast
  2805 | D:7      | Reached XP level 6. HP: 49/49 MP: 6/6
  2810 | D:7      | Killed a sky beast
  2811 | D:7      | Reached skill level 8 in Polearms
  2884 | D:7      | Splashed by a jelly's acid

Illustrated notes

Levels and vault maps discovered:
D:1:      wander_arrival_desolate, layout_rooms, roderic_lattice_a
D:2:      layout_loops_ring, chequers_serial_rivers_micro_e,
          nemelex_xobeh_ov_fountains_minmay
D:3:      layout_loops_cross, lemuel_coloured_pillars_altar,
          chequers_ecumenical_altar_simple
D:4:      layout_loops_ring, nicolae_tso_besieged_by_evil,
          ashenzari_conservatory_becter, serial_shops, shop, shop, shop, shop,
          uniq_duvessa, uniq_pikel
D:7:      layout_basic, nicolae_ru_the_path_less_chosen,
          nicolae_kikubaaqudgha_miasma_corner, kennysheep_mini,
          minmay_temple_entry_sparse_star, gammafunk_ghost_berserking_beasts

Skill      XL: |  1  2  3  4  5  6 |
---------------+-------------------+-----
Polearms       | 5 6 7 8 |  8.1
Armour         | 2 |  2.8
Fighting       | 4 |  4.8
Dodging        | |  2.6

Action                   |  1- 3 |  4- 6 || total
-------------------------+-------+-------++-------
Melee: Spear             |   138 |   110 ||   248
Invok: Berserk           |       |     2 ||     2
  Use: Scroll            |       |     6 ||     6
 Stab: Distracted        |     1 |     1 ||     2
       Sleeping          |     4 |       ||     4
Armor: Animal skin       |     9 |       ||     9
       Chain mail        |     8 |    23 ||    31
Dodge: Dodged            |    59 |    24 ||    83

Table legend: (Time is in decaauts)
 A = Elapsed time spent in this place.
 B = Non-inter-level travel time spent in this place.
 C = Inter-level travel time spent in this place.
 D = Time resting spent in this place.
 E = Time spent auto-exploring this place.
 F = Levels seen in this place.
 G = Mean time per level.
                   A        B        C        D        E       F      G
               +--------+--------+--------+--------+--------+-----+--------+
         Total |   2858 |   2794 |     64 |    110 |   2236 |   5 |  571.6 |
       Dungeon |   2858 |   2794 |     64 |    110 |   2236 |   5 |  571.6 |
               +--------+--------+--------+--------+--------+-----+--------+

Top non-repeatable levels by time:
     D:1: 1166 daAuts
     D:2: 647 daAuts
     D:3: 617 daAuts
     D:4: 239 daAuts
     D:7: 188 daAuts
